 Dungeon Crawl Stone Soup version 0.28.0-45-g0d030f2227 (webtiles) character file.

Game seed: 17435903814755847401

3683 pkoi the Martial Artist (level 9, -1/69 (72) HPs)
             Began as a Demigod Gladiator on Apr 19, 2022.
             Asphyxiated
             ... on level 8 of the Dungeon.
             The game lasted 00:14:12 (12755 turns).

pkoi the Martial Artist (Demigod Gladiator)        Turns: 12755, Time: 00:14:14

HP:   -1/69 (72)    AC:  8    Str: 15    XL:     9   Next: 59%
MP:   5/16          EV: 14    Int: 28    God:
Gold: 315           SH:  0    Dex: 15    Spells: 10/14 levels left

rFire   . . .      SeeInvis .     - Unarmed
rCold   + . .      Faith    .   (no shield)
rNeg    . . .      Spirit   .   z - +2 robe {Archmagi}
rPois   .          Reflect  .   o - +1 helmet
rElec   .          Harm     .   (no cloak)
rCorr   .          Rampage  .   q - +0 pair of gloves
Will    .....      Archmagi +   r - +0 pair of boots
Stlth   +.........              (no amulet)
HPRegen 0.21/turn               a - ring of protection from cold
MPRegen 0.15/turn               w - +6 ring of intelligence

@: lethally poisoned (-1 -> -13), lightly drained
A: high MP 1, forlorn, divine attributes
a: no special abilities


You were on level 8 of the Dungeon.
You visited 2 branches of the dungeon, and saw 9 of its levels.

You collected 315 gold pieces.

Inventory:

Hand Weapons
 e - a +0 short sword
 f - a +0 dagger
 g - a +0 short sword
 l - a +1 whip of holy wrath
 n - a +2 whip of electrocution
 A - a +2 dagger of draining
Missiles
 c - 2 throwing nets
 m - 10 poisoned darts (quivered)
Armour
 j - a +0 chain mail
 o - a +1 helmet (worn)
 q - a +0 pair of gloves (worn)
 r - a +0 pair of boots (worn)
 z - a +2 robe of the Archmagi (worn)
Jewellery
 a - a ring of protection from cold (left hand)
 v - a ring of fire
 w - a +6 ring of intelligence (right hand)
Wands
 k - a wand of flame (21)
Scrolls
 h - 2 scrolls of teleportation
 u - a scroll of enchant armour
 x - a scroll of identify
 y - a scroll of amnesia
Potions
 b - a potion of heal wounds
 i - a potion of brilliance
 p - 2 potions of haste
 s - a potion of flight
 t - 2 potions of magic
 B - 2 potions of berserk rage


   Skills:
 + Level 4.5 Fighting
 - Level 1.7 Throwing
 + Level 5.0 Dodging
 * Level 9.4 Unarmed Combat
 - Level 3.0 Spellcasting
 - Level 2.5 Hexes
 + Level 3.4 Transmutations
 - Level 2.5 Fire Magic
 - Level 3.0 Evocations


You had 10 spell levels left.
You knew the following spells:

 Your Spells              Type           Power      Damage    Failure   Level
a - Inner Flame           Hex/Fire       27%        N/A       9%          3
b - Beastly Appendage     Tmut           70%        N/A       1%          1

Your spell library contained the following spells:

 Spells                   Type           Power      Damage    Failure   Level
 Wereblood                Tmut           35%        N/A       3%          2
 Tukima's Dance           Hex            27%        N/A       9%          3
 Spider Form              Tmut/Pois      20%        N/A       12%         3
 Cause Fear               Hex            13%        N/A       28%         4
 Anguish                  Hex/Necr       8%         N/A       43%         4
 Enfeeble                 Hex            13%        N/A       100%        7
 Malign Gateway           Summ/Tloc      3%         N/A       100%        7
 Discord                  Hex            13%        N/A       100%        8
 Summon Horrible Things   Summ           3%         N/A       100%        8


Dungeon Overview and Level Annotations

Branches:
Dungeon (8/15)             Temple (1/1) D:5
   Lair: D:8-11

Annotations:
D:5 2 transporters


Innate Abilities, Weirdness & Mutations

You have an increased reservoir of magic. (+10% MP)
You shall have no god before yourself.
Your divine heritage dramatically boosts your attributes as you level up.


Message History

You feel a surge of power!
The orc priest is filled with an inner flame.
The gnoll shaman hits you with a +2 whip of draining!
* * * LOW HITPOINT WARNING * * *
You feel drained.
* * * LOW HITPOINT WARNING * * *
Unknown command.
You hit the gnoll shaman but do no damage.
Flame seeps out of the gnoll shaman.
You punch the gnoll shaman!
The gnoll shaman is moderately wounded.
Unknown command.
The gnoll shaman is engulfed in blazing flames.
Flame seeps out of the gnoll shaman.
The gnoll shaman barely misses you.
The gnoll shaman is engulfed in blazing flames.
The gnoll shaman explodes!
The fiery explosion engulfs something!!!
Reactivating autopickup.
You feel a bit more experienced.
The orc priest calls down the wrath of Beogh upon you.
Beogh smites you!
* * * LOW HITPOINT WARNING * * *
The kobold throws a poisoned dart.
The poisoned dart closely misses you.
You hear a shout!
Unknown command.
Throw: 12 darts (poison)
Press: ? - help, Q - select action, (/) - cycle Shift-Dir - straight line, f - kobold brigand, p - orc priest
Aim: a kobold brigand, wielding a +0 whip and quivering curare-tipped darts (inner flame, 53% to hit)
You throw a poisoned dart.
The poisoned dart hits the kobold brigand.
Throw: 11 darts (poison)
Press: ? - help, Q - select action, (/) - cycle Shift-Dir - straight line, f/p - kobold brigand
Aim: a kobold brigand, wielding a +0 whip and quivering curare-tipped darts (inner flame, 53% to hit)
You throw a poisoned dart.
The poisoned dart closely misses the kobold brigand.
The poisoned dart hits the gnoll.
The gnoll is poisoned.
The kobold brigand throws a curare-tipped dart.
The curare-tipped dart hits you.
You are lethally poisoned!
You have difficulty breathing.
You die...

########.. .......
#......... .......
#.# ########......
#.# #.....##.....[
#.# #.....##......
#.# #.....##......
#.###Ko...##......
#@§)§Kg...........
#####og...######..
#.....####....
#g..........#
#Ko.........#
#...........##
#...........≈≈
#...........##
#...........#


You could see a kobold brigand (inner flame), an orc priest (inner flame), 2
gnolls, an orc and a kobold.

Vanquished Creatures
  A death yak (D:8)
  2 kobold demonologists (D:8)
  Prince Ribbit (D:5)
  A wyvern (D:7)
  A water moccasin (D:7)
  2 sky beasts
  2 ice beasts
  2 black bears (D:7)
  An ogre (D:6)
  A necrophage (D:5)
  A centaur (D:5)
  A wyvern zombie (D:5)
  2 water moccasin zombies
  3 scorpions
  5 killer bees
  A howler monkey (D:6)
  A bullfrog zombie (D:6)
  3 centaur zombies
  4 hounds
  A jelly (D:5)
  Ijyb (D:3)
  2 gnoll shamans
  2 orc wizards
  Natasha (thrice) (D:2)
  Robin (D:3)
  9 gnolls
  7 adders
  An adder skeleton (D:4)
  3 dart slugs
  5 orcs
  6 endoplasms
  A giant cockroach (D:4)
  6 hobgoblins
  4 jackals (D:2)
  13 kobolds
  2 quokkas
  8 ball pythons
  4 bats
  5 frilled lizards
  18 goblins
  3 rats
140 creatures vanquished.

Notes
Turn   | Place    | Note
-------+----------+-------------------------------------------
     0 | D:1      | pkoi the Demigod Gladiator began the quest for the Orb.
     0 | D:1      | Reached XP level 1. HP: 17/17 MP: 3/3
   517 | D:1      | Reached skill level 3 in Unarmed Combat
   826 | D:1      | Reached XP level 2. HP: 18/24 MP: 4/4
  1735 | D:2      | Noticed Natasha
  1749 | D:2      | Killed Natasha
  1750 | D:2      | Reached skill level 4 in Unarmed Combat
  1750 | D:2      | Reached XP level 3. HP: 18/29 MP: 5/5
  2790 | D:2      | You fall into a shaft and drop 1 floor!
  2876 | D:3      | Reached XP level 4. HP: 35/36 MP: 6/6
  2878 | D:3      | Noticed Robin
  2943 | D:3      | Killed Robin
  3738 | D:3      | Noticed Ijyb
  3759 | D:3      | Killed Ijyb
  3760 | D:3      | Reached skill level 5 in Unarmed Combat
  4272 | D:2      | Noticed Natasha
  4292 | D:2      | Killed Natasha
  4293 | D:2      | Reached XP level 5. HP: 34/41 MP: 7/7
  4354 | D:2      | Noticed Natasha
  4365 | D:2      | Killed Natasha
  4534 | D:4      | Reached skill level 1 in Evocations
  5333 | D:4      | Reached XP level 6. HP: 36/48 MP: 8/8
  5352 | D:4      | Reached skill level 6 in Unarmed Combat
  5534 | D:3      | Learned a level 3 spell: Inner Flame
  5804 | D:5      | Entered Level 5 of the Dungeon
  5993 | D:5      | Found a transporter.
  6088 | D:5      | Reached skill level 1 in Hexes
  6088 | D:5      | Reached skill level 1 in Fire Magic
  6297 | D:5      | Noticed Prince Ribbit
  6318 | D:5      | Killed Prince Ribbit
  6319 | D:5      | Reached skill level 1 in Spellcasting
  6319 | D:5      | Reached XP level 7. HP: 17/55 MP: 11/11
  6824 | D:5      | Reached skill level 7 in Unarmed Combat
  7107 | D:5      | Found a staircase to the Ecumenical Temple.
  7116 | Temple   | Entered the Ecumenical Temple
  7563 | D:5      | Found a transporter.
  7604 | D:5      | Reached XP level 8. HP: 31/61 MP: 14/14
  9025 | D:6      | Learned a level 1 spell: Beastly Appendage
  9886 | D:7      | Reached skill level 8 in Unarmed Combat
  9886 | D:7      | Reached skill level 1 in Transmutations
 11147 | D:7      | Reached XP level 9. HP: 55/70 MP: 14/16
 11533 | D:8      | Noticed a kobold demonologist
 11558 | D:8      | Noticed a gargoyle
 11558 | D:8      | Noticed a kobold demonologist
 12040 | D:8      | Killed a kobold demonologist
 12114 | D:8      | Killed a kobold demonologist
 12115 | D:8      | Reached skill level 9 in Unarmed Combat
 12316 | D:8      | Noticed a death yak
 12461 | D:8      | Noticed a death yak
 12476 | D:8      | Noticed a death yak
 12478 | D:8      | Killed a death yak
 12479 | D:8      | Reached skill level 5 in Dodging
 12755 | D:8      | Asphyxiated

Illustrated notes

Levels and vault maps discovered:
D:1:      minmay_arrival_split_and_join, layout_basic, serial_curves,
          eino_curves_03, eino_curves_03, eino_curves_02, eino_curves_02,
          minmay_liquid_box
D:2:      layout_basic, shapermc_ecumenical_altar_acropolis, uniq_natasha
D:3:      layout_basic, uniq_robin, uniq_ijyb
D:4:      layout_loops_ring
D:5:      gammafunk_cloud_chamber, layout_loops_cross,
          minmay_temple_entry_poolview, minmay_starry_boxes, uniq_prince_ribbit1
D:6:      layout_basic
D:7:      layout_loops_ring, nicolae_dithmenos_the_darkroom
D:8:      layout_basic, dpeg_lair_monsters, serial_shops, shop,
          nicolae_two_hexagons, grunt_decor_cap
Temple:   mainiacjoe_temple_big_plus

Skill      XL: |  1  2  3  4  5  6  7  8  9 |
---------------+----------------------------+-----
Unarmed Combat | 3 4 5 6 7 8 9 |  9.4
Fighting       | 2 3 4 |  4.5
Dodging        | 3 4 5 |  5.0
Evocations     | 1 2 3 |  3.0
Hexes          | 1 2 |  2.5
Fire Magic     | 1 2 |  2.5
Spellcasting   | 1 2 3 |  3.0
Transmutations | 2 3 |  3.4
Throwing       | |  1.7

Action                   |  1- 3 |  4- 6 |  7- 9 || total
-------------------------+-------+-------+-------++-------
Melee: Unarmed           |   145 |   276 |   257 ||   678
       Punch             |     3 |    14 |    15 ||    32
       Kick              |       |       |    16 ||    16
       Headbutt          |       |       |     8 ||     8
Throw: Throwing net      |       |     3 |     2 ||     5
       Dart              |       |     8 |    40 ||    48
 Cast: Beastly Appendage |       |       |     8 ||     8
       Inner Flame       |       |       |     6 ||     6
Evoke: Wand              |       |       |     2 ||     2
  Use: Scroll            |       |     5 |     6 ||    11
       Potion            |       |     5 |     2 ||     7
 Stab: Held in net/web   |       |     3 |       ||     3
Armor: Leather armour    |    14 |       |       ||    14
       Chain mail        |    46 |   146 |   124 ||   316
       Robe              |       |       |    24 ||    24
Dodge: Dodged            |    75 |    88 |   154 ||   317
